 Dungeon Crawl Stone Soup version bcrawl-1.39.1 (webtiles) character file.

Game seed: 3780760076645264834

116487 Finalfun the Chiller (level 4, 0/36 HPs)
             Began as a Draconian Ice Elementalist on Sept 25, 2023.
             Slain by a water moccasin skeleton (4 damage)
             ... on level 4 of the Dungeon on Sept 26, 2023.
             The game lasted 00:09:19 (2960 turns).

Finalfun the Chiller (Draconian Ice Elementalist)   Turns: 2960, Time: 00:09:19

Health: 0/36       AC:  5    Str: 10    XL:     4   Next: 92%
Magic:  0/7        EV: 12    Int: 22    God:
Gold:   130        SH:  0    Dex: 15    Spells: 4/7 levels left

rFire    . . .     GDR:     27% c - +0 dagger
rCold    . . .     SeeInvis .   (no shield)
rNeg     . . .     Gourm    .   (armour unavailable)
rPois    .         Faith    .   (helmet restricted)
rElec    .         Spirit   .   (no cloak)
rCorr    +         Reflect  .   (no gloves)
MR       .....                  (no boots)
Stlth    ++........             (no amulet)
HPRegen  0.16/turn              p - +4 ring of dexterity
MPRegen  0.10/turn              l - ring of resist corrosion

@: brilliant, very slightly contaminated
A: unfitting armour, cold-blooded, AC +5
a: no special abilities


You were on level 4 of the Dungeon.
You were hungry.

You visited 1 branch of the dungeon, and saw 4 of its levels.

You collected 130 gold pieces.

Inventory:

Hand Weapons
 c - a +0 dagger (weapon)
 d - a +0 hunting sling
Missiles
 a - 78 poisoned needles
 q - 498 stones (quivered)
 r - 458 arrows
Jewellery
 l - a ring of resist corrosion (right hand)
 p - a +4 ring of dexterity (left hand)
Wands
 b - a wand of iceblast (1)
Scrolls
 g - a scroll of remove curse
 h - a scroll of immolation {unknown}
 i - a scroll of noise {unknown}
 j - a scroll of fog {unknown}
 o - a scroll of teleportation {unknown}
 s - a scroll of enchant armour {unknown}
 t - a scroll of fear {unknown}
 u - 2 scrolls of amnesia {unknown}
 v - a scroll of revelation {unknown}
Potions
 f - a potion of agility {unknown}
 m - a potion of cancellation
 n - a potion of curing
 w - a potion of ambrosia {unknown}
Comestibles
 e - 6 rations {!d}
 x - 2 chunks of flesh


   Skills:
 + Level 2.0 Fighting
 - Level 2.0 Dodging
 - Level 2.0 Stealth
 - Level 2.0 Spellcasting
 - Level 2.0 Conjurations
 + Level 4.8 Ice Magic


You had 4 spell levels left.
You knew the following spells:

 Your Spells              Type           Power        Failure   Level  Hunger
a - Freeze                Ice            #####.       1%          1    None
b - Throw Frost           Conj/Ice       ####..       1%          2    ##.....

Your spell library contained the following spells:

 Spells                   Type           Power        Failure   Level  Hunger
 Ozocubu's Armour         Chrm/Ice       ####....     1%          3    ####...
 Throw Icicle             Conj/Ice       ####....     4%          4    ######.
 Ice Form                 Ice/Tmut       ####....     6%          4    ######.
 Summon Ice Beast         Ice/Summ       ####....     6%          4    ######.


Dungeon Overview and Level Annotations

Branches:
Dungeon (4/12)
 Temple: D:4-7

Altars:
Dithmenos

Annotations:
D:3 Grinder, Sigmund


Innate Abilities, Weirdness & Mutations

Your plain brown scales are hard. (AC +5)
You cannot fit into any form of body armour.
You are cold-blooded and may be slowed by cold attacks.


Message History

The orc wizard hits you but does no damage.
You hit the orc wizard.
You kill the orc wizard!
Your Fighting skill increases to level 2!
You feel better. The water moccasin skeleton misses you.
You hit the water moccasin skeleton.
You tail-slap the water moccasin skeleton.
The water moccasin skeleton is moderately damaged.
The water moccasin skeleton closely misses you.
You hit the water moccasin skeleton.
The water moccasin skeleton is moderately damaged.
The water moccasin skeleton bites you.
* * * LOW HITPOINT WARNING * * *
The water moccasin skeleton bites you.
* * * LOW HITPOINT WARNING * * *
A hound skeleton comes into view.
It was a potion of brilliance.
You feel clever all of a sudden. The water moccasin skeleton bites you.
You die...

.........##..#..
♣♣♣♣..##.....#...###
.... ##..........# Z...
#...........#
..###...........##
..#....#.........#
♣.♣♣...#........##
♣♣.P♣...#........##
♣P@♣♣...o..........
♣♣Z♣♣......÷.)...#.
...#.♣♣)♣♣.....###....#.
............<..##.......
.......#...........###..
##.....#...........# ..
#........<........#
##.#...............#
##.........♣.♣.....


You could see a water moccasin skeleton and a hound skeleton.

Vanquished Creatures
  2 orc wizards (D:4)
  An adder (D:4)
  2 worms (D:2)
  4 leopard geckos (D:2)
  An orc (D:4)
  5 bats
  A bat zombie (D:1)
  2 giant cockroaches
  6 goblins
  10 hobgoblins
  7 kobolds
  A quokka (D:2)
  4 ball pythons
  3 frilled lizards
  A quokka zombie (D:1)
  3 rats
53 creatures vanquished.

Notes
Turn   | Place    | Note
-------+----------+-------------------------------------------
     0 | D:1      | Finalfun the Draconian Ice Elementalist began the quest for
                  | the Orb.
     0 | D:1      | Reached XP level 1. HP: 14/14 MP: 3/3
   258 | D:1      | Reached XP level 2. HP: 20/20 MP: 5/5
   261 | D:1      | Learned a level 2 spell: Throw Frost
  1555 | D:2      | Reached XP level 3. HP: 26/26 MP: 6/6
  2022 | D:2      | Reached skill level 4 in Ice Magic
  2099 | D:2      | Found a shadowy altar of Dithmenos.
  2597 | D:3      | Noticed Grinder
  2693 | D:3      | Noticed Sigmund
  2786 | D:4      | Reached XP level 4. HP: 18/34 MP: 0/7
  2947 | D:4      | Reached skill level 1 in Fighting
  2960 | D:4      | Slain by a water moccasin skeleton

Skill      XL: |  1  2  3  4 |
---------------+-------------+-----
Dodging        | 2 |  2.0
Conjurations   | 2 |  2.0
Ice Magic      | 4 |  4.8
Fighting       | 2 |  2.0
Stealth        | |  2.0
Spellcasting   | |  2.0

Action                   |  1- 3 |  4- 6 || total
-------------------------+-------+-------++-------
Melee: Unarmed           |    15 |       ||    15
       Dagger            |   106 |    14 ||   120
       Tailslap          |     6 |     2 ||     8
Throw: Stone             |       |     1 ||     1
 Cast: Freeze            |    18 |     9 ||    27
       Throw Frost       |    38 |     1 ||    39
  Use: Scroll            |     2 |     1 ||     3
       Potion            |       |     2 ||     2
 Stab: Sleeping          |     5 |       ||     5
  Eat: Chunk             |    12 |     1 ||    13
Armor: Skin              |    55 |     5 ||    60
Dodge: Dodged            |    88 |     8 ||    96
